 Dungeon Crawl Stone Soup version 0.18.1-2-ga659475 (webtiles) character file.

1866 Hipnos the Arsonist (level 8, -5/41 HPs)
             Began as a Deep Elf Fire Elementalist on May 8, 2016.
             Was an Initiate of Vehumet.
             Killed from afar by Pikel (26 damage)
             ... with a wand of lightning
             ... on level 6 of the Dungeon.
             The game lasted 00:27:13 (6263 turns).

Hipnos the Arsonist (Deep Elf Fire Elementalist)    Turns: 6263, Time: 00:27:14

Health: -5/41      AC:  4    Str:  5    XL:     8   Next: 90%
Magic:  22/22      EV: 12    Int: 23    God:    Vehumet [......]
Gold:   262        SH:  0    Dex: 15    Spells: 4 memorised, 13 levels left

rFire  . . .     SeeInvis .     r - +4 mace (crush)
rCold  . . .     Gourm    +     a - +0 robe
rNeg   + . .     Faith    .     (no shield)
rPois  .         Spirit   .     (no helmet)
rElec  .         Dismiss  .     s - +1 cloak
rCorr  .         Reflect  .     (no gloves)
SustAt .         Harm     .     (no boots)
MR     .....                    h - amulet of the gourmand
Stlth  ++........               w - +5 ring of evasion
                                k - ring of positive energy

@: drained, not resistant to hostile enchantments, unstealthy
A: no striking features
a: Renounce Religion


You were on level 6 of the Dungeon.
You worshipped Vehumet.
Vehumet was noncommittal.
You were completely stuffed.

You visited 2 branches of the dungeon, and saw 8 of its levels.

You collected 262 gold pieces.

Inventory:

Hand Weapons
 p - a +2 whip of venom
 r - a +4 mace of crushing (weapon)
 u - a +1 dagger of draining
 D - the +10 mace of Makhleb's Fury {pain, MR+ Str+5 Int-3 SInv}
   (You found it on level 6 of the Dungeon)

   In the hands of one skilled in necromantic magic, it inflicts extra damage on
   living creatures.
   It affects your strength (+5).
   It affects your intelligence (-3).
   It affects your resistance to hostile enchantments.
   It lets you see invisible.
Armour
 a - a +0 robe (worn)
 s - a +1 cloak (worn)
Jewellery
 h - an amulet of the gourmand (around neck)
 k - a ring of positive energy (left hand)
 m - a cursed amulet of harm {unknown}
 v - an uncursed amulet of regeneration {unknown}
 w - a +5 ring of evasion (right hand)
Wands
 y - a wand of polymorph (9/24)
Scrolls
 d - 3 scrolls of remove curse
 g - 2 scrolls of amnesia
 l - a scroll of random uselessness
 A - a scroll of teleportation
 C - a scroll of fog
Potions
 f - 3 potions of curing
 i - 3 potions of heal wounds
 t - a potion of magic
 x - 2 potions of flight
 z - a potion of might
Books
 b - a book of Flames

   Spells                             Type                      Level
   a - Flame Tongue                   Conjuration/Fire             1
   b - Throw Flame                    Conjuration/Fire             2
   c - Conjure Flame                  Conjuration/Fire             3
   d - Inner Flame                    Hexes/Fire                   3
   e - Sticky Flame                   Conjuration/Fire             4
   f - Fireball                       Conjuration/Fire             5
Comestibles
 c - 6 bread rations
 j - 2 slices of pizza
 n - a beef jerky
 o - a meat ration


   Skills:
 - Level 2.4(2.1) Dodging
 - Level 2.5(2.2) Stealth
 - Level 0.1(0.0) Unarmed Combat
 + Level 8.8(8.5) Spellcasting
 + Level 6.1(5.8) Conjurations
 * Level 9.2(8.9) Fire Magic


You had 13 spell levels left.
You knew the following spells:

 Your Spells              Type           Power        Failure   Level  Hunger
a - Flame Tongue          Conj/Fire      #####        1%          1    None
b - Throw Flame           Conj/Fire      #####.       1%          2    None
c - Conjure Flame         Conj/Fire      #####...     1%          3    None
d - Fireball              Conj/Fire      #####.....   10%         5    #####..


Dungeon Overview and Level Annotations

Branches:
Dungeon (7/15)             Temple (1/1) D:6

Altars:
Ashenzari
Dithmenos
Gozag
Kikubaaqudgha
Makhleb
Nemelex Xobeh
Okawaru
Qazlal
Ru
Sif Muna
Trog
Vehumet
Xom
Yredelemnul
Zin

Shops:
D:6 *   D:7 =

Annotations:
D:6 Pikel
D:7 Mefis's ghost, novice DEWz


Message History

Pikel misses you. The worker ant closely misses you.
Pikel hits you with a whip of freezing. Pikel freezes you.
There is a stone staircase leading up, spattered with blood here.
The worker ant barely misses you. The orc wizard misses you.
Pikel closely misses you.
You climb upwards.
There is a stone staircase leading down here.
The orc wizard misses you. The worker ant bites you.
Pikel hits you with a whip of freezing! Pikel freezes you.
The orc wizard points at you and mumbles some strange words.
The magic dart hits you!
The orc wizard looks braver for a moment.
The worker ant misses you.
There is a stone staircase leading up here.
Pikel zaps a wand.
The bolt of lightning hits the worker ant.
The worker ant dies!
The bolt of lightning hits you!
Ouch! That really hurt!
You die...

###......# .........# ###########
##.####..# #.........# .....##..#
#.........# ......#..#
#.........# ......#..#
#.........#
.._....).##############.........#
......#...^.....................#
......#..######.@...............#
.....##..# #.†...............#
##.####.## #.................#
........# #oK...............#
...###### #...(............[#
...# #.................# ...#
#..####.....##'##..
...############.....#...(.#...#.>
#..............#....#.....#...#..


You could see Pikel and an orc wizard.

Vanquished Creatures
  A water moccasin (D:6)
  An orc warrior (D:6)
  2 sky beasts (D:6)
  An ice beast (D:6)
  A necrophage (D:6)
  5 ogres
  A black bear (D:6)
  A giant frog (D:6)
  2 howler monkeys
  A jelly (D:3)
  2 orc priests
  Crazy Yiuf (D:6)
  5 hounds
  2 giant frog skeletons (D:4)
  6 worker ants
  A hound skeleton (D:5)
  A worker ant zombie (D:6)
  6 adders
  2 shadow imps (D:6)
  An adder skeleton (D:4)
  2 worms (D:3)
  2 dart slugs (D:1)
  3 giant geckos
  8 orcs
  4 ball pythons
  9 giant cockroaches
  6 hobgoblins
  5 jackals (D:1)
  3 quokkas
  8 bats
  3 giant newts
  6 goblins
  6 kobolds
  A quokka skeleton (D:6)
  7 rats
  A fungus (D:6)
117 creatures vanquished.

Vanquished Creatures (others)
  A worker ant (D:6)
1 creature vanquished.

Grand Total: 118 creatures vanquished

Notes
Turn   | Place    | Note
--------------------------------------------------------------
     0 | D:1      | Hipnos the Deep Elf Fire Elementalist began the quest for the Orb.
     0 | D:1      | Reached XP level 1. HP: 10/10 MP: 6/6
   287 | D:1      | Reached XP level 2. HP: 15/15 MP: 1/8
   332 | D:1      | Learned a level 2 spell: Throw Flame
   539 | D:1      | Reached skill level 4 in Fire Magic
   734 | D:1      | Reached XP level 3. HP: 19/19 MP: 7/9
  1956 | D:2      | Found a deep blue altar of Sif Muna.
  1968 | D:2      | Found a sacrificial altar of Ru.
  2069 | D:3      | Reached XP level 4. HP: 24/24 MP: 0/11
  2681 | D:4      | Learned a level 3 spell: Conjure Flame
  2690 | D:4      | Reached skill level 5 in Fire Magic
  2690 | D:4      | Reached XP level 5. HP: 26/28 MP: 8/13
  2880 | D:4      | Reached XP level 6. HP: 32/32 MP: 10/15
  3083 | D:4      | Found a glowing drain.
  3090 | D:4      | Reached skill level 5 in Spellcasting
  3357 | D:4      | Reached skill level 6 in Fire Magic
  3471 | D:4      | Reached XP level 7. HP: 30/36 MP: 1/17
  4168 | D:5      | Entered Level 5 of the Dungeon
  4269 | D:6      | Reached skill level 7 in Fire Magic
  4279 | D:6      | Learned a level 5 spell: Fireball
  4336 | D:6      | Found a staircase to the Ecumenical Temple.
  4345 | Temple   | Entered the Ecumenical Temple
  4396 | Temple   | Became a worshipper of Vehumet
  4415 | D:6      | Found Tovysepo's Assorted Antiques.
  4550 | D:6      | Found a shadowy altar of Dithmenos.
  4629 | D:6      | Reached skill level 5 in Conjurations
  4629 | D:6      | Reached XP level 8. HP: 23/41 MP: 11/20
  4885 | D:6      | Reached skill level 8 in Fire Magic
  4927 | D:6      | Found a shimmering altar of Xom.
  5245 | D:6      | Noticed Crazy Yiuf
  5250 | D:6      | Killed Crazy Yiuf
  5280 | D:6      | Got a warped mace
  5282 | D:6      | Identified the +10 mace of Makhleb's Fury {pain, MR+ Str+5 Int-3 SInv} (You found it on level 6 of the Dungeon)
  5450 | D:7      | Noticed Mefis's ghost (novice DEWz)
  5465 | D:7      | Noticed Pikel
  5537 | D:7      | Found Hagaess's Jewellery Shoppe.
  5884 | D:6      | Reached skill level 9 in Fire Magic
  6011 | D:6      | HP: 1/41 [black bear (3)]
  6263 | D:6      | Killed from afar by Pikel

Skill      XL: |  1  2  3  4  5  6  7  8 |
---------------+-------------------------+-----
Fire Magic     | 4 5 6 7 9 |  9.2
Conjurations   | 2 3 4 5 6 |  6.1
Spellcasting   | 4 5 7 8 |  8.8
Dodging        | |  2.4
Stealth        | |  2.5
Unarmed Combat | |  0.1

Action                   |  1- 3 |  4- 6 |  7- 9 || total
-------------------------+-------+-------+-------++-------
Melee: Unarmed           |     7 |       |       ||     7
       Whip              |       |       |    11 ||    11
       Mace              |       |       |     7 ||     7
 Cast: Flame Tongue      |    90 |    85 |   125 ||   300
       Throw Flame       |       |    11 |    11 ||    22
       Conjure Flame     |       |     1 |     4 ||     5
  Use: Scroll            |     4 |     9 |     2 ||    15
       Potion            |       |       |     4 ||     4
  Eat: Chunk             |    18 |     5 |     8 ||    31
Armor: Robe              |     7 |     7 |    17 ||    31
Dodge: Dodged            |    25 |    37 |    98 ||   160
